 Dungeon Crawl Stone Soup version 0.24.0-35-gdb84b6a5db (webtiles) character file.

Game seed: 14130502911911503868, levelgen mode: deterministic

177 lepoulpe303 the Slasher (level 5, -2/36 HPs)
             Began as a Halfling Berserker on Nov 18, 2019.
             Was a Believer of Trog.
             Killed from afar by an orc wizard (4 damage)
             ... with a magic dart
             ... on level 3 of the Dungeon.
             The game lasted 00:04:51 (2513 turns).

lepoulpe303 the Slasher (Halfling Berserker)        Turns: 2513, Time: 00:04:51

Health: -2/36      AC:  4    Str: 19    XL:     5   Next: 88%
Magic:  5/5        EV: 15    Int:  5    God:    Trog [**....]
Gold:   75         SH:  4    Dex: 14    Spells: 4/4 levels left

rFire    . . .     SeeInvis .   a - +0 falchion
rCold    . . .     Gourm    .   h - +0 buckler
rNeg     . . .     Faith    .   b - +0 animal skin
rPois    .         Spirit   .   (no helmet)
rElec    .         Reflect  .   k - +0 cloak
rCorr    .         Harm     .   f - +0 pair of gloves
MR       .....                  (no boots)
Stlth    ++........             (no amulet)
HPRegen  0.12/turn              (no ring)
MPRegen  0.09/turn              (no ring)

@: no status effects
A: small, mutation resistance 1
a: Berserk, Trog's Hand, Renounce Religion


You were on level 3 of the Dungeon.
You worshipped Trog.
Trog was pleased with you.
You were hungry.

You visited 1 branch of the dungeon, and saw 3 of its levels.

You collected 75 gold pieces.

Inventory:

Hand Weapons
 a - a +0 falchion (weapon)
Missiles
 Q - 7 stones (quivered)
Armour
 b - a +0 animal skin (worn)
 f - a +0 pair of gloves (worn)
 h - a +0 buckler (worn)
 k - a +0 cloak (worn)
Jewellery
 g - a +6 ring of evasion {unknown}
Scrolls
 c - a scroll of identify {unknown}
 d - 2 scrolls of enchant armour {unknown}
 j - a scroll of immolation {unknown}
 m - a scroll of amnesia {unknown}
Potions
 i - a potion of mutation {unknown}
 n - a potion of magic {unknown}
 o - a potion of berserk rage {unknown}
Comestibles
 e - 3 rations
 l - a chunk of flesh


   Skills:
 * Level 3.6 Fighting
 * Level 4.1 Long Blades
 + Level 3.1 Armour
 + Level 3.0 Dodging
 + Level 2.1 Stealth


You had 4 spell levels left.
You didn't know any spells.
Your spell library was empty.

Dungeon Overview and Level Annotations

Branches:
Dungeon (3/15)

Altars:
Ru


Innate Abilities, Weirdness & Mutations

You are small and have problems with some larger weapons.
You are somewhat resistant to further mutation.


Message History

Items here: )) †† a +0 dagger x2; a goblin corpse; an orc corpse You barely miss the orc wizard.
The orc wizard completely misses you.
You barely miss the orc wizard. The orc wizard barely misses you.
You closely miss the orc wizard. You block the orc wizard's attack.
You hit the orc wizard but do no damage.
You are feeling hungry.
The orc wizard hits you but does no damage.
You barely miss the orc wizard. You block the orc wizard's attack.
You hit the orc wizard. You block the orc wizard's attack.
The orc wizard points at you and mumbles some strange words.
The magic dart hits you.
* * * LOW HITPOINT WARNING * * *
You take 6 damage, and have 1/36 hp.
You closely miss the orc wizard. The orc wizard barely misses you.
You riposte.
You barely miss the orc wizard. You closely miss the orc wizard.
The orc wizard points at you and mumbles some strange words.
The magic dart hits you.
You die...

#....# #....#
#.#### .. #.#
.# #.# .## #
#.########..#(#
#..........(.#
#..#####..(.##
#.....@o.†...#
##.#####)#..#.#
#.#####)# #
#.o.....#
#########


You could see an orc wizard.

Levels and vault maps discovered:
D:1:      dpeg_arrival_court, layout_basic, kennysheep_decorative_pillar,
          grunt_decor_resistance
D:2:      layout_loops_cross, nicolae_ru_great_annihilating_truth
D:3:      layout_loops_cross, nemelex_xobeh_ov_fountains_minmay,
          grunt_temple_overflow_open, minmay_ruptured, uniq_terence,
          uniq_sigmund

Notes
Turn   | Place    | Note
-------+----------+-------------------------------------------
     0 | D:1      | lepoulpe303 the Halfling Berserker began the quest for the
                  | Orb.
     0 | D:1      | Reached XP level 1. HP: 15/15 MP: 1/1
    24 | D:1      | Identified a +0 dagger
   138 | D:1      | Reached XP level 2. HP: 14/20 MP: 2/2
   174 | D:1      | Identified a +0 club
   177 | D:1      | Identified a +0 club
   183 | D:1      | HP: 4/20 [ooze (2)]
   479 | D:1      | Reached skill level 3 in Fighting
   504 | D:1      | Reached XP level 3. HP: 12/26 MP: 3/3
   674 | D:1      | Identified a +0 short sword
   813 | D:1      | Reached skill level 1 in Stealth
   994 | D:1      | Identified a +0 dagger
  1054 | D:1      | Identified a +0 short sword
  1102 | D:1      | Identified a +0 club
  1312 | D:1      | Identified a +0 club
  1319 | D:1      | Reached ** piety under Trog
  1414 | D:2      | Identified a +0 whip
  1414 | D:2      | Identified a +0 club
  1445 | D:2      | Identified a +0 pair of gloves (You found it on level 2 of
                  | the Dungeon)
  1470 | D:2      | Identified a +0 buckler (You found it on level 2 of the
                  | Dungeon)
  1521 | D:2      | Identified a +0 club
  1531 | D:2      | Reached XP level 4. HP: 31/31 MP: 4/4
  1550 | D:2      | Identified a +0 cloak (You found it on level 2 of the
                  | Dungeon)
  1857 | D:2      | Identified a +0 dagger
  1858 | D:2      | Identified a +0 short sword
  1861 | D:2      | Identified a +0 dagger
  1863 | D:2      | Identified a +0 dagger
  1889 | D:2      | Found a sacrificial altar of Ru.
  1889 | D:2      | Identified a +0 dagger
  1889 | D:2      | Identified a +0 robe
  1900 | D:2      | Identified a cursed -1 club
  1942 | D:2      | Reached XP level 5. HP: 32/36 MP: 5/5
  1993 | D:2      | Identified a +0 whip
  2147 | D:2      | Identified a +0 club
  2240 | D:2      | Identified a cursed -1 short sword
  2302 | D:2      | Identified a +0 club
  2411 | D:3      | Identified a +0 dagger
  2412 | D:3      | Identified a +0 mace
  2414 | D:3      | Identified a +0 hand axe
  2414 | D:3      | Identified a +0 ring mail
  2414 | D:3      | Identified a +0 dagger
  2426 | D:3      | Identified a +0 dagger
  2426 | D:3      | Identified a +0 robe
  2428 | D:3      | Reached skill level 4 in Long Blades
  2428 | D:3      | Reached skill level 3 in Armour
  2428 | D:3      | Reached skill level 2 in Stealth
  2433 | D:3      | Reached skill level 3 in Dodging
  2460 | D:3      | HP: 9/36 [orc wizard/+0 dagger (1)]
  2497 | D:3      | HP: 6/36 [orc wizard/magic dart (8)]
  2511 | D:3      | HP: 1/36 [orc wizard/magic dart (6)]
  2513 | D:3      | Killed from afar by an orc wizard

Table legend:
 A = Turns spent in this place as a percentage of turns spent in the entire game.
 B = Non-inter-level travel turns spent in this place as a percentage of non-inter-level travel turns spent in the entire game.
 C = Inter-level travel turns spent in this place as a percentage of turns spent in this place.
 D = Turns resting spent in this place as a percentage of non-inter-level travel turns spent in this place.
 E = Turns spent auto-exploring this place as a percentage of non-inter-level travel turns spent in this place.
 F = Non-inter-level travel turns spent in this place divided by the number of levels of this place that you've seen.
                   A       B       C       D       E      F
               +-------+-------+-------+-------+-------+----------------------
         Total | 100.0 | 100.0 |   3.2 |  35.2 |  44.7 | 811.0
       Dungeon | 100.0 | 100.0 |   3.2 |  35.2 |  44.7 | 811.0
               +-------+-------+-------+-------+-------+----------------------

Table legend:
 A = Kills in this place as a percentage of kills in entire the game.
 B = Kills by you in this place as a percentage of kills by you in the entire game.
 C = Kills by friends in this place as a percentage of kills by friends in the entire game.
 D = Other kills in this place as a percentage of other kills in the entire game.
 E = Experience gained in this place as a percentage of experience gained in the entire game.
 F = Experience gained in this place divided by the number of levels of this place that you have seen.
                   A       B       C       D       E      F
               +-------+-------+-------+-------+-------+----------------------
         Total | 100.0 | 100.0 |   N/A |   N/A | 100.0 |  84.7
       Dungeon | 100.0 | 100.0 |   N/A |   N/A | 100.0 |  84.7
               +-------+-------+-------+-------+-------+----------------------

Skill      XL: |  1  2  3  4  5 |
---------------+----------------+-----
Fighting       | 3 |  3.6
Stealth        | 1 2 |  2.1
Long Blades    | 4 |  4.1
Armour         | 3 |  3.1
Dodging        | 3 |  3.0

Action                   |  1- 3 |  4- 6 || total
-------------------------+-------+-------++-------
Melee: Falchion          |    94 |   116 ||   210
Throw: Stone             |    22 |    33 ||    55
 Stab: Sleeping          |     2 |     2 ||     4
       Paralysed         |       |     2 ||     2
  Eat: Chunk             |     2 |     3 ||     5
Armor: Animal skin       |    12 |    20 ||    32
Dodge: Dodged            |    84 |    64 ||   148
Block: Buckler           |       |    23 ||    23
       Rpst.: Falchion   |    29 |    21 ||    50

Vanquished Creatures
  An orc wizard (D:2)
  An iguana (D:3)
  4 adders
  2 oozes (D:1)
  A worm (D:2)
  3 dart slugs
  2 leopard geckos
  3 orcs (D:3)
  2 giant cockroaches
  6 goblins
  11 hobgoblins
  3 jackals (D:2)
  9 kobolds
  A quokka (D:2)
  A ball python (D:1)
  7 bats
  5 frilled lizards
  7 rats
69 creatures vanquished.
